 Dungeon Crawl Stone Soup version 0.29-a0-275-g389c0b56f3 (webtiles) character file.

Game seed: 5173144605583210051

21378 sokol815 the Cleaver (level 12, -3/74 HPs)
             Began as an Octopode Air Elementalist on Mar 10, 2022.
             Was an Initiate of Gozag.
             Slain by a minotaur
             ... wielding the +11 hand axe of Dishonesty {venom, Will+ MP+9}
              (15 damage)
             ... in a Gauntlet.
             The game lasted 01:09:59 (21959 turns).

sokol815 the Cleaver (Octopode Air Elementalist)   Turns: 21959, Time: 01:10:00

Health: -3/74      AC:  8    Str: 20    XL:     12   Next: 89%
Magic:  15/15      EV: 22    Int: 23    God:    Gozag
Gold:   286        SH:  0    Dex: 33    Spells: 8/15 levels left

rFire   + . .      SeeInvis +   a - +5 war axe of Hycehey {vorpal, rC+ rCorr Dex+8}
rCold   + + +      Faith    .   (no shield)
rNeg    . . .      Spirit   .   p - +3 crown of Dyrovepreva {rElec Int+2 SInv}
rPois   +          Reflect  .   j - amulet of regeneration
rElec   +          Harm     .   f - +6 ring of dexterity
rCorr   +          Rampage  .   g - +6 ring of dexterity
Will    +....      NoTele   +   W - ring of willpower
Stlth   ++++++....              A - +4 ring of protection
HPRegen 1.02/turn               x - +6 ring of strength
MPRegen 0.14/turn               C - ring of protection from cold {rC+, !d}
                                R - +6 ring of strength
                                (no ring)

@: lethally poisoned (-3 -> -4), resistant (expiring)
A: almost no armour, amphibious, 8 rings, camouflage 1, gelatinous body 1,
(nimble swimmer 1), tentacles
a: Renounce Religion, Potion Petition, Call Merchant, Bribe Branch


You were in a Gauntlet.
You worshipped Gozag.
Gozag was aware of your devotion.
You visited 3 branches of the dungeon, and saw 15 of its levels.
You also visited: Bailey and Gauntlet.

You collected 3237 gold pieces.
You paid 2951 gold pieces to Gozag.

Inventory:

Hand Weapons
 a - the +5 war axe of Hycehey (weapon) {vorpal, rC+ rCorr Dex+8}
   (You found it in a Gauntlet)

   It inflicts extra damage upon your enemies.
   Dex:       It affects your dexterity (+8).
   rC:        It protects you from cold.
   rCorr:     It protects you from acid and corrosion.
 b - a +0 dagger of protection
   (You took it off a kobold on level 1 of the Dungeon)
 m - a +2 war axe of electrocution
   (You found it on level 3 of the Dungeon)
 s - a +5 arbalest of flaming
   (You found it in a Gauntlet)
 t - a +1 spear of freezing
   (You found it in a Gauntlet)
 I - a +2 vampiric spear
   (You found it on level 9 of the Dungeon)
 Q - a +1 battleaxe of flaming
   (You took it off an orc warrior on level 10 of the Dungeon)
 S - a +2 dagger of electrocution
   (You took it off an orc wizard on level 10 of the Dungeon)
Missiles
 e - 4 javelins (quivered)
 u - 16 curare-tipped darts
 v - 4 datura-tipped darts
 z - 7 atropa-tipped darts
Armour
 p - the +3 crown of Dyrovepreva (worn) {rElec Int+2 SInv}
   (You acquired it on level 4 of the Dungeon)

   Int:       It affects your intelligence (+2).
   rElec:     It insulates you from electricity.
   SInv:      It lets you see invisible.
 B - the +1 cloak "Cicsaneso" {Contam Str+4 Dex+3}
   (You found it in a Gauntlet)

   Str:       It affects your strength (+4).
   Dex:       It affects your dexterity (+3).
   Contam:    It causes magical contamination when unequipped.
 E - a +0 scale mail
   (You found it in a Gauntlet)
Magical Staves
 c - a staff of conjuration
   (You found it on level 4 of the Dungeon)
 w - a staff of cold {rC+}
   (You took it off Fannar on level 3 of the Lair of Beasts)
Jewellery
 f - a +6 ring of dexterity (left tentacle)
   (You found it on level 1 of the Dungeon)
 g - a +6 ring of dexterity (right tentacle)
   (You found it on level 1 of the Dungeon)
 j - an amulet of regeneration (around mantle)
   (You found it in a Gauntlet)
 k - an amulet of magic regeneration
   (You found it on level 7 of the Dungeon)
 x - a +6 ring of strength (on tentacle)
   (You found it on level 9 of the Dungeon)
 A - a +4 ring of protection (on tentacle)
   (You found it on level 3 of the Dungeon)
 C - a ring of protection from cold (on tentacle) {rC+, !d}
   (You found it on level 10 of the Dungeon)
 R - a +6 ring of strength (on tentacle)
   (You found it on level 1 of the Lair of Beasts)
 W - a ring of willpower (on tentacle)
   (You took it off a gnoll on level 3 of the Dungeon)
Wands
 d - a wand of digging (2)
   (You found it on level 3 of the Lair of Beasts)
 h - a wand of acid (13)
   (You found it on level 7 of the Dungeon)
 i - a wand of iceblast (2)
   (You found it on level 6 of the Dungeon)
 q - a wand of flame (24)
   (You took it off Dowan on level 5 of the Dungeon)
 y - a wand of mindburst (21)
   (You found it on level 3 of the Dungeon)
Scrolls
 l - a scroll of brand weapon
 n - a scroll of enchant armour
 D - 2 scrolls of blinking {!r}
 K - 4 scrolls of immolation {!r}
 O - a scroll of torment {!r}
 V - a scroll of vulnerability {!r!r}
 Y - a scroll of teleportation {@r3}
 Z - a scroll of fog
Potions
 o - a potion of cancellation
 r - 2 potions of attraction {!q}
 G - a potion of ambrosia {!q}
 H - a potion of haste
 J - 4 potions of curing {@q1}
 L - 3 potions of flight
 M - 2 potions of magic
 P - a potion of lignification {!q}


   Skills:
 - Level 4.0 Fighting
 - Level 3.0 Short Blades
 + Level 13.1 Axes
 - Level 8.0 Dodging
 + Level 8.3 Stealth
 - Level 2.0 Spellcasting
 * Level 8.8 Conjurations
 * Level 9.0 Fire Magic
 - Level 3.5 Air Magic


You had 8 spell levels left.
You knew the following spells:

 Your Spells              Type           Power      Damage    Failure   Level
a - Shock                 Conj/Air       100%       1d9       1%          1
b - Flame Wave            Conj/Fire      43%        2d9       3%          4
c - Scorch                Fire           86%        2d9       1%          2

Your spell library contained the following spells:

 Spells                   Type           Power      Damage    Failure   Level
 Static Discharge         Conj/Air       30%        N/A       1%          2
 Swiftness                Air            18%        N/A       9%          3
 Airstrike                Air            9%         N/A       30%         4
 Call Canine Familiar     Summ           2%         N/A       36%         3
 Portal Projectile        Hex/Tloc       4%         N/A       36%         3
 Leda's Liquefaction      Hex/Erth       1%         N/A       77%         4
 Summon Cactus Giant      Summ           1%         N/A       100%        6


Dungeon Overview and Level Annotations

Branches:
Dungeon (10/15)            Temple (1/1) D:6            Lair (4/6) D:8
 Shoals (0/4) Lair:4       Spider (0/4) Lair:3       Bailey (visited)
Gauntlet (1/1)
    Orc: D:9-12

Altars:
Ashenzari
Dithmenos
Elyvilon
Fedhas
Gozag
Hepliaklqana
Makhleb
Ru
Wu Jian
Yredelemnul
The Shining One

Shops:
D:2 (   D:8 :

Annotations:
D:10 2 transporters, sirJeffrey23's ghost, novice DsMo
Lair:2 exclusion: downstairs
Lair:3 exclusion: oklob plant Gauntlet 8 transporters, exclusion: orange crystal statue


Innate Abilities, Weirdness & Mutations

You cannot wear most types of armour.
You are amphibious.
You can wear up to eight rings at the same time.
Your skin changes colour to match your surroundings (Stealth+).
Your rubbery body absorbs attacks. (AC +1, EV +1)
((You are camouflaged when in or above water. (Stealth+)))
You have tentacles for arms and can constrict up to eight enemies at once.


Message History

You hit the red ugly thing.
You hit the great orb of eyes but do no damage.
You hit the red ugly thing. You squeeze the red ugly thing.
You slash the great orb of eyes! You slash the red ugly thing!
The great orb of eyes bites you but does no damage.
The red ugly thing misses you. The red ugly thing barely misses you.
You bump into the translucent stone wall.
The great orb of eyes closely misses you.
The red ugly thing misses you.
The red ugly thing completely misses you.
You miss the red ugly thing. Your squeeze misses the red ugly thing.
You hit the great orb of eyes but do no damage.
You closely miss the red ugly thing. The great orb of eyes gazes at you.
You resist with some effort.
The red ugly thing gurgles horribly!
The red ugly thing completely misses you.
The red ugly thing closely misses you.
You slash the red ugly thing! You hit the great orb of eyes.
You slash the red ugly thing!
You feel less confused. The great orb of eyes bites you!
The red ugly thing misses you.
You take 8 damage, and have 54/74 hp.
You hit the red ugly thing. You grab the red ugly thing.
You squeeze the red ugly thing. You hit the great orb of eyes.
You hit the red ugly thing. You constrict the red ugly thing.
The red ugly thing struggles to escape constriction.
The great orb of eyes gazes at you.
You are confused.
You feel better.
You constrict the red ugly thing.
You kill the red ugly thing!
The orange crystal statue glitters topaz in the dim dungeon light.
The great orb of eyes gazes at you.
You easily resist.
You regained 12 hp, and now have 66/74 hp.
You flicker for a moment.
The red ugly thing closely misses you.
The great orb of eyes completely misses you.
You see here 8 gold pieces.
You regained 2 hp, and now have 68/74 hp.
You slash the great orb of eyes!
You kill the great orb of eyes!
You strike the helpless red ugly thing from behind!
You slash the red ugly thing!
The red ugly thing is distracted by your dazzling golden aura.
The red ugly thing gurgles horribly!
You hit the red ugly thing.
The red ugly thing is no longer distracted by gold.
You grab the red ugly thing. You constrict the red ugly thing.
The red ugly thing misses you.
You catch the helpless red ugly thing completely off-guard!
You slash the red ugly thing!
You kill the red ugly thing!
Your Fire Magic skill increases to level 9!
The orange crystal statue glitters topaz in the dim dungeon light.
You now have 262 gold pieces (gained 4).
You regained 2 hp, and now have 72/74 hp.
You flicker back into view.
The orange crystal statue is distracted by your dazzling golden aura.
Health restored: 74 The orange crystal statue is no longer distracted by gold.
You now have 270 gold pieces (gained 8).
You now have 286 gold pieces (gained 16).
You see here a +1 spear of freezing.
There is a transporter here.
You see here a +1 spear of freezing.
t - a +1 spear of freezing
There is a transporter here.
You see here the +1 cloak "Cicsaneso" {Contam Str+4 Dex+3}.
B - the +1 cloak "Cicsaneso" {Contam Str+4 Dex+3} You see here a +0 scale mail.
E - a +0 scale mail Really wriggle into that dispersal trap?
You enter a dispersal trap!
You blink.
There is a transporter here.
Okay, then.
You enter the transporter and appear at another place.
A minotaur comes into view.
It is wielding the +11 hand axe of Dishonesty {venom, Will+ MP+9}.
Here: a minotaur, wielding the +11 hand axe of Dishonesty {venom, Will+ MP+9}, wearing a +0 plate armour and quivering javelins (wandering, hasn't noticed you)
The floor.
You slash the minotaur! You grab the minotaur. You constrict the minotaur.
The minotaur hits you with the +11 hand axe of Dishonesty {venom, Will+ MP+9}!!
The minotaur gores you but does no damage.
You take 26 damage, and have 48/74 hp.
MASSIVE DAMAGE!!
You slash the minotaur!
You start to feel less resistant.
You constrict the minotaur, but do no damage.
The minotaur hits you with the +11 hand axe of Dishonesty {venom, Will+ MP+9}!!
The minotaur closely misses you.
You take 18 damage, and have 30/74 hp.
MASSIVE DAMAGE!!
You hit the minotaur. You constrict the minotaur.
The minotaur hits you with the +11 hand axe of Dishonesty {venom, Will+ MP+9}!!
* * * LOW HITPOINT WARNING * * *
You are poisoned.
The minotaur gores you!
You die...
Your body crumbles into a pile of gold.

.^"#.♣..##...#
..©#..P..#.♣.##. .#
.^[#...♣.#......#.#
##9#.....#.©.##.#.#
..Y#.....#...##...# +#
####.....#.©.##.#.##.⌠
......∩..#......#.'.
####.....#.©.##.#.# $
...#.....#...##.@.#
##.#.....#.©.##.#H#
#.[#...♣.#......#.#
#.©#.....#.♣.##.#.#
..!#.♣..##...##...#
.#"#...###.♣.######
8..#...≈##...#
####.P.≈≈#####
.....♣.≈##


You could see a minotaur.

Vanquished Creatures
  Gastronok (D:8)
  Fannar (Lair:3)
  A great orb of eyes (Gauntlet)
  2 hydras (Lair:2)
  A two-headed ogre (D:6)
  A lindwurm (Lair:1)
  2 ugly things (Gauntlet)
  A rust devil (Gauntlet)
  An ice statue (Gauntlet)
  A torpor snail (Lair:2)
  2 molten gargoyles (Lair:3)
  2 black mambas
  3 cane toads
  3 rime drakes
  2 komodo dragons (Lair:1)
  Prince Ribbit (D:5)
  3 polar bears
  3 wyverns
  20 yaks
  2 basilisks
  4 fire bats (D:9)
  2 steam dragons
  Menkaure (D:4)
  An acid dragon (D:8)
  2 wargs (D:8)
  5 water moccasins
  Duvessa (D:5)
  A hell hound (D:9)
  7 orc warriors
  A sky beast (D:5)
  2 black bears
  A centaur (D:5)
  5 wolves (Lair:3)
  7 kobold brigands
  A phantom (D:4)
  2 necrophages
  7 bullfrogs
  3 gnoll sergeants
  6 scorpions
  A wight (D:8)
  Dowan (D:5)
  14 killer bees
  A howler monkey (D:4)
  7 lava snakes
  6 orc priests
  An iron imp (Gauntlet)
  3 iguanas
  25 orc wizards
  22 gnolls
  11 adders
  2 ufetubi
  3 worms
  3 dart slugs
  45 orcs
  12 endoplasms
  3 giant cockroaches
  8 goblins
  4 hobgoblins
  3 jackals (D:2)
  14 kobolds
  4 quokkas
  10 ball pythons
  4 bats
  3 frilled lizards
  A rat (D:1)
323 creatures vanquished.

Vanquished Creatures (others)
  2 orcs (D:6)
  A fire vortex (D:9)
  17 fungi
  16 plants
36 creatures vanquished.

Grand Total: 359 creatures vanquished

Notes
Turn   | Place    | Note
-------+----------+-------------------------------------------
     0 | D:1      | sokol815 the Octopode Air Elementalist began the quest for
                  | the Orb.
     0 | D:1      | Reached XP level 1. HP: 11/11 MP: 3/3
   232 | D:1      | Reached XP level 2. HP: 16/17 MP: 1/5
   391 | D:1      | Reached skill level 2 in Conjurations
   425 | D:1      | Found a faded altar of an unknown god.
  1096 | D:2      | Found Jujeita's Weapon Boutique.
  1243 | D:2      | Reached XP level 3. HP: 19/21 MP: 2/6
  1968 | D:3      | HP: 4/21 [poisoned by an adder]
  1969 | D:3      | Reached skill level 1 in Axes
  2172 | D:3      | Reached XP level 4. HP: 18/27 MP: 3/7
  2177 | D:3      | Reached skill level 2 in Axes
  2177 | D:3      | HP: 6/27 [orc/+0 dagger (2)]
  2586 | D:3      | Reached skill level 3 in Axes
  2586 | D:3      | Reached XP level 5. HP: 14/31 MP: 2/8
  2793 | D:3      | Noticed a sky beast
  3706 | D:4      | Reached skill level 4 in Axes
  3896 | D:4      | Noticed a phantom
  4073 | D:4      | Reached skill level 3 in Stealth
  4188 | D:4      | Noticed a black bear
  4196 | D:4      | Killed a black bear
  4197 | D:4      | Reached XP level 6. HP: 34/36 MP: 5/9
  4416 | D:4      | Identified a scroll of acquirement
  4416 | D:4      | Acquired the +3 crown of Dyrovepreva {rElec Int+2 SInv}
  4416 | D:4      | Found the +3 crown of Dyrovepreva {rElec Int+2 SInv}
  4634 | D:4      | Reached skill level 5 in Axes
  4634 | D:4      | Reached skill level 4 in Stealth
  4739 | D:4      | Reached XP level 7. HP: 41/41 MP: 5/10
  4807 | D:4      | Noticed Menkaure
  4854 | D:4      | Killed Menkaure
  4855 | D:4      | Reached skill level 3 in Dodging
  5183 | D:5      | Entered Level 5 of the Dungeon
  5183 | D:5      | Noticed Prince Ribbit
  5189 | D:5      | HP: 1/41 [Prince Ribbit (12)]
  5850 | D:5      | Reached skill level 5 in Stealth
  5853 | D:5      | Reached skill level 6 in Axes
  6139 | D:5      | Reached XP level 8. HP: 44/46 MP: 11/11
  6224 | D:5      | Reached skill level 4 in Dodging
  6225 | D:5      | Reached skill level 6 in Stealth
  6316 | D:5      | Noticed Duvessa
  6316 | D:5      | Noticed Dowan
  6331 | D:5      | Killed Duvessa
  6332 | D:5      | Reached skill level 7 in Axes
  6656 | D:5      | Killed Dowan
  7305 | D:6      | Reached skill level 7 in Stealth
  7535 | D:6      | Reached skill level 5 in Dodging
  7591 | D:6      | Reached skill level 8 in Axes
  7591 | D:6      | Reached XP level 9. HP: 46/51 MP: 12/12
  7743 | D:6      | Noticed a two-headed ogre
  7947 | D:6      | Found a staircase to the Ecumenical Temple.
  7956 | Temple   | Entered the Ecumenical Temple
  8034 | Temple   | Became a worshipper of Gozag Ym Sagoz the Greedy
  8736 | D:7      | Reached skill level 8 in Stealth
  9493 | D:8      | Found a flagged portal.
  9502 | D:8      | Reached skill level 9 in Axes
  9535 | Bailey   | Entered a bailey
  9580 | Bailey   | Reached skill level 6 in Dodging
  9883 | Bailey   | HP: 3/51 [orc warrior/+0 war axe (16)]
  9886 | Bailey   | Reached skill level 10 in Axes
 10172 | Bailey   | Found a burning altar of Makhleb.
 10198 | Bailey   | Learned a level 4 spell: Flame Wave
 10220 | Bailey   | Identified the +1 scale mail of Acluck {Will+ Int+3 Dex-4}
 10347 | D:8      | Noticed Gastronok
 10439 | D:8      | Reached skill level 1 in Fire Magic
 10538 | D:8      | Reached skill level 3 in Conjurations
 11372 | D:5      | Killed Prince Ribbit
 11373 | D:5      | Reached XP level 10. HP: 49/56 MP: 6/13
 11462 | D:6      | Reached skill level 2 in Fire Magic
 11465 | D:6      | Killed a two-headed ogre
 11466 | D:6      | Reached skill level 7 in Dodging
 11585 | D:7      | Reached skill level 3 in Fire Magic
 12624 | D:9      | Reached skill level 4 in Conjurations
 12830 | D:9      | Reached skill level 1 in Fighting
 13336 | D:8      | Killed Gastronok
 13337 | D:8      | Reached skill level 2 in Fighting
 13337 | D:8      | Reached skill level 11 in Axes
 13337 | D:8      | Reached skill level 4 in Fire Magic
 13753 | D:8      | Reached skill level 5 in Fire Magic
 13753 | D:8      | Reached XP level 11. HP: 55/64 MP: 14/14
 13976 | D:8      | Found a staircase to the Lair.
 14821 | D:9      | Reached skill level 5 in Conjurations
 15062 | D:10     | Entered Level 10 of the Dungeon
 15140 | D:10     | Reached skill level 3 in Fighting
 15494 | D:10     | Found an ornate altar of the Wu Jian Council.
 15505 | D:10     | Found a transporter.
 15505 | D:10     | Noticed a two-headed ogre
 15505 | D:10     | Noticed sirJeffrey23's ghost (novice DsMo)
 15506 | D:10     | Noticed a two-headed ogre
 15509 | D:10     | Found a transporter.
 15509 | D:10     | Identified the +4 great mace "Seewn" {flame, Dex+3}
 15509 | D:10     | Noticed a two-headed ogre
 15510 | D:10     | Noticed a two-headed ogre
 15644 | D:10     | Reached skill level 8 in Dodging
 16060 | Lair:1   | Entered Level 1 of the Lair of Beasts
 16327 | Lair:1   | Noticed a lindwurm
 16337 | Lair:1   | Killed a lindwurm
 16338 | Lair:1   | Reached skill level 12 in Axes
 16631 | Lair:1   | Reached skill level 6 in Fire Magic
 16805 | Lair:1   | Reached skill level 4 in Fighting
 17333 | Lair:2   | Noticed a six-headed hydra
 17563 | Lair:2   | Reached skill level 6 in Conjurations
 17593 | Lair:2   | Reached skill level 1 in Short Blades
 17606 | Lair:2   | HP: 17/69 [bullfrog (3)]
 17966 | Lair:2   | Killed a three-headed hydra
 17967 | Lair:2   | Reached skill level 2 in Short Blades
 17967 | Lair:2   | Reached skill level 7 in Fire Magic
 17967 | Lair:2   | Reached XP level 12. HP: 41/74 MP: 15/15
 18815 | Lair:2   | Reached skill level 7 in Conjurations
 18973 | Lair:3   | Noticed a seven-headed hydra
 19063 | Lair:2   | Killed a one-headed hydra
 19103 | Lair:3   | Noticed Fannar
 19797 | Lair:2   | Learned a level 2 spell: Scorch
 20050 | Lair:3   | Reached skill level 3 in Short Blades
 20147 | Lair:3   | Killed Fannar
 20214 | Lair:3   | Reached skill level 8 in Fire Magic
 20563 | Lair:3   | Reached skill level 8 in Conjurations
 20570 | Lair:3   | HP: 12/74 [yak (11)]
 20880 | Lair:3   | Found a hole to the Spider Nest.
 21239 | Lair:4   | Found a gate leading to a gauntlet.
 21251 | Gauntlet | Entered a Gauntlet
 21251 | Gauntlet | Found a transporter.
 21261 | Gauntlet | Found a transporter.
 21272 | Gauntlet | Found a transporter.
 21275 | Gauntlet | Found a transporter.
 21283 | Gauntlet | Noticed a great orb of eyes
 21284 | Gauntlet | Found a transporter.
 21309 | Gauntlet | Found a transporter.
 21320 | Gauntlet | Found a transporter.
 21331 | Gauntlet | Found a transporter.
 21333 | Gauntlet | Noticed a catoblepas
 21334 | Gauntlet | Noticed an entropy weaver
 21356 | Gauntlet | Found a transporter.
 21366 | Gauntlet | Noticed an alligator
 21369 | Gauntlet | Found a transporter.
 21369 | Gauntlet | Found a transporter.
 21375 | Gauntlet | Noticed a boulder beetle
 21375 | Gauntlet | an alligator changed into a boulder beetle
 21387 | Gauntlet | a boulder beetle changed into a wolf spider
 21436 | Gauntlet | Found a transporter.
 21439 | Gauntlet | Found a transporter.
 21527 | Gauntlet | Found a transporter.
 21543 | Gauntlet | Reached skill level 13 in Axes
 21610 | Gauntlet | Noticed an entropy weaver
 21636 | Gauntlet | Noticed an ettin
 21636 | Gauntlet | an entropy weaver changed into an ettin
 21661 | Gauntlet | Noticed an anaconda
 21661 | Gauntlet | an ettin changed into an anaconda
 21670 | Gauntlet | Noticed a two-headed ogre
 21670 | Gauntlet | an anaconda changed into a two-headed ogre
 21721 | Gauntlet | a two-headed ogre changed into a steelbarb worm
 21803 | Gauntlet | Identified the +5 war axe of Hycehey {vorpal, rC+ rCorr
                  | Dex+8}
 21922 | Gauntlet | Killed a great orb of eyes
 21925 | Gauntlet | Reached skill level 9 in Fire Magic
 21941 | Gauntlet | Identified the +1 cloak "Cicsaneso" {Contam Str+4 Dex+3}
 21953 | Gauntlet | Identified the +11 hand axe of Dishonesty {venom, Will+
                  | MP+9}
 21953 | Gauntlet | Noticed a minotaur
 21959 | Gauntlet | HP: 12/74 [minotaur/the +11 hand axe of Dishonesty {venom,
                  | Will+ MP+9} (19)]
 21959 | Gauntlet | Slain by a minotaur

Illustrated notes

Levels and vault maps discovered:
D:1:      dpeg_arrival_ternary, layout_basic,
          hellmonk_ecumenical_altar_lost_god, grunt_decor_clamped
D:2:      layout_rooms, serial_shops, shop
D:3:      layout_basic
D:4:      layout_gridville, uniq_menkaure
D:5:      layout_basic, uniq_duvessa, uniq_prince_ribbit1
D:6:      layout_loops_ring, minmay_temple_entry_junction
D:7:      layout_gridville, kennysheep_donut
D:8:      layout_gridville, erik_lair_orcish_takeover,
          lightli_bailey_entry_fortress, hex_tiny, uniq_gastronok
D:9:      layout_basic, st_stairs_5, hangedman_incinerator
D:10:     minmay_flawed_box, layout_loops_cross, general_overflow_altar,
          gammafunk_ghost_smash, kennysheep_generic_room_3
Temple:   mainiacjoe_temple_hex_bubbles
Lair:1:   layout_cave_pods, nicolae_lair_lindhole
Lair:2:   layout_chaotic_city, grunt_megastairs_2
Lair:3:   cheibrodos_magma_flow, layout_hall_layers,
          nicolae_spider_entry_non_spiders, minmay_holes, uniq_fannar
Lair:4:   layout_regular_city, minmay_shoals_entry_centaurs,
          gauntlet_entry_generic, basic_altar, beast_lair_carwin_2,
          infiniplex_staircase_pool, lemuel_fruit_tree
Gauntlet: minmay_gauntlet_77_tree [minmay_gauntlet_arena_77_two_lines,
          minmay_gauntlet_arena_77_fan, minmay_gauntlet_arena_77_block_sizes,
          minmay_gauntlet_arena_77_squiggly, minmay_gauntlet_arena_77_mirror,
          minmay_gauntlet_arena_77_broken_ladder,
          minmay_gauntlet_arena_77_terracotta_army, gauntlet_exit_hidden_loot]

Skill      XL: |  1  2  3  4  5  6  7  8  9 10 11 12 |
---------------+-------------------------------------+-----
Conjurations   | 2 3 4 6 8 |  8.8
Axes           | 1 3 4 5 6 8 10 11 12 13 | 13.1
Stealth        | 3 4 5 7 8 |  8.3
Dodging        | 3 5 6 7 8 |  8.0
Fire Magic     | 1 5 7 9 |  9.0
Fighting       | 2 4 |  4.0
Short Blades   | 2 3 |  3.0
Spellcasting   | |  2.0
Air Magic      | |  3.5

Action                   |  1- 3 |  4- 6 |  7- 9 | 10-12 || total
-------------------------+-------+-------+-------+-------++-------
Melee: Spear             |    30 |       |       |       ||    30
       Constrict         |    11 |    10 |    53 |    48 ||   122
       Tentacles         |     8 |     9 |    54 |   109 ||   180
       War axe           |     4 |    44 |   177 |   346 ||   571
       Dagger            |       |       |    18 |     7 ||    25
       Punch             |       |       |     6 |     4 ||    10
       Battleaxe         |       |       |       |    15 ||    15
Throw: Dart              |       |       |       |     4 ||     4
 Cast: Shock             |    60 |    79 |    83 |   195 ||   417
       Flame Wave        |       |       |       |     4 ||     4
       Scorch            |       |       |       |     2 ||     2
Invok: Potion Petition   |       |       |       |     3 ||     3
       Call Merchant     |       |       |       |     1 ||     1
  Use: Scroll            |     4 |     6 |     4 |     9 ||    23
       Potion            |     1 |       |     2 |     4 ||     7
 Stab: Sleeping          |     1 |     3 |    13 |     9 ||    26
       Distracted        |       |       |     1 |     3 ||     4
       Invisible         |       |       |       |     2 ||     2
Armor: Skin              |     3 |     5 |    45 |    79 ||   132
Dodge: Dodged            |    17 |    27 |   151 |   351 ||   546

Table legend: (Time is in decaauts)
 A = Elapsed time spent in this place.
 B = Non-inter-level travel time spent in this place.
 C = Inter-level travel time spent in this place.
 D = Time resting spent in this place.
 E = Time spent auto-exploring this place.
 F = Levels seen in this place.
 G = Mean time per level.
                   A        B        C        D        E       F      G
               +--------+--------+--------+--------+--------+-----+--------+
         Total |  21931 |  20535 |   1396 |   7517 |   9674 |  17 | 1290.1 |
       Dungeon |  15462 |  14241 |   1221 |   4754 |   7327 |  10 | 1546.2 |
        Temple |     86 |     78 |      8 |      0 |     73 |   1 |   86.0 |
          Lair |   4996 |   4831 |    165 |   2074 |   1967 |   4 | 1249.0 |
        Bailey |    683 |    683 |      0 |    444 |     87 |   1 |  683.0 |
      Gauntlet |    701 |    701 |      0 |    244 |    220 |   1 |  701.0 |
               +--------+--------+--------+--------+--------+-----+--------+

Top non-repeatable levels by time:
     D:9: 2522 daAuts
     D:4: 2190 daAuts
  Lair:3: 1822 daAuts
     D:5: 1785 daAuts
  Lair:2: 1776 daAuts
     D:8: 1703 daAuts
     D:3: 1628 daAuts
  Lair:1: 1371 daAuts
     D:7: 1278 daAuts
     D:6: 1231 daAuts
     D:1: 1096 daAuts
     D:2: 1082 daAuts
    D:10: 944 daAuts
Gauntlet: 701 daAuts
  Bailey: 683 daAuts

Table legend:
 A = Kills in this place as a percentage of kills in entire the game.
 B = Kills by you in this place as a percentage of kills by you in the entire game.
 C = Kills by friends in this place as a percentage of kills by friends in the entire game.
 D = Other kills in this place as a percentage of other kills in the entire game.
 E = Experience gained in this place as a percentage of experience gained in the entire game.
 F = Experience gained in this place divided by the number of levels of this place that you have seen.
                   A       B       C       D       E      F
               +-------+-------+-------+-------+-------+----------------------
         Total | 100.0 | 100.0 |   N/A | 100.0 | 100.0 | 1796.5
       Dungeon |  75.6 |  75.5 |   N/A | 100.0 |  40.0 | 1221.9
          Lair |  17.9 |  18.0 |   N/A |   0.0 |  44.7 | 3416.2
        Bailey |   4.0 |   4.0 |   N/A |   0.0 |   3.2 | 986.0
      Gauntlet |   2.5 |   2.5 |   N/A |   0.0 |  12.0 | 3670.0
               +-------+-------+-------+-------+-------+----------------------
